Unix NetHack Version 3.7.0-64 Work-in-progress - last build Sep 20 2022 13:51:49 (2efdc47de06bbc12dbc956ebf73d51181633095d,branch:master).

Game began 2022-09-21 15:50:17, ended 2022-09-22 10:58:36.

rustyspoon, lawful female human Cavewoman

  
unexplored area
unexplored area
unexplored area
unexplored area
unexplored area
unexplored area
unexplored area
unexplored area
unexplored area
unexplored area
unexplored area
unexplored area
unexplored area
unexplored area
unexplored area
unexplored area
unexplored area
unexplored area
unexplored area
unexplored area
unexplored area
unexplored area
unexplored area
unexplored area
unexplored area
unexplored area
unexplored area
unexplored area
unexplored area
unexplored area
unexplored area
unexplored area
unexplored area
unexplored area
unexplored area
unexplored area
unexplored area
unexplored area
unexplored area
unexplored area
unexplored area
unexplored area
unexplored area
unexplored area
unexplored area
unexplored area
unexplored area
unexplored area
unexplored area
unexplored area
unexplored area
unexplored area
unexplored area
unexplored area
unexplored area
unexplored area
unexplored area
unexplored area
unexplored area
unexplored area
unexplored area
unexplored area
unexplored area
unexplored area
unexplored area
unexplored area
unexplored area
unexplored area
unexplored area
unexplored area
unexplored area
unexplored area
unexplored area
unexplored area
unexplored area
unexplored area
unexplored area
unexplored area
unexplored area
unexplored area
unexplored area
unexplored area
unexplored area
unexplored area
unexplored area
unexplored area
unexplored area
unexplored area
unexplored area
unexplored area
unexplored area
unexplored area
unexplored area
unexplored area
unexplored area
unexplored area
unexplored area
unexplored area
unexplored area
unexplored area
unexplored area
unexplored area
unexplored area
unexplored area
unexplored area
unexplored area
unexplored area
unexplored area
unexplored area
unexplored area
unexplored area
unexplored area
unexplored area
unexplored area
unexplored area
unexplored area
unexplored area
unexplored area
unexplored area
unexplored area
unexplored area
unexplored area
unexplored area
unexplored area
unexplored area
unexplored area
unexplored area
unexplored area
unexplored area
unexplored area
unexplored area
unexplored area
unexplored area
unexplored area
unexplored area
unexplored area
unexplored area
unexplored area
unexplored area
unexplored area
unexplored area
unexplored area
unexplored area
unexplored area
unexplored area
unexplored area
unexplored area
unexplored area
unexplored area
unexplored area
unexplored area
unexplored area
unexplored area
unexplored area
unexplored area
unexplored area
unexplored area
unexplored area
unexplored area
unexplored area
unexplored area
unexplored area
unexplored area
unexplored area
unexplored area
unexplored area
unexplored area
unexplored area
unexplored area
unexplored area
unexplored area
unexplored area
unexplored area
unexplored area
unexplored area
unexplored area
unexplored area
unexplored area
unexplored area
unexplored area
unexplored area
unexplored area
unexplored area
unexplored area
unexplored area
unexplored area
unexplored area
unexplored area
unexplored area
unexplored area
unexplored area
unexplored area
unexplored area
unexplored area
unexplored area
unexplored area
unexplored area
unexplored area
unexplored area
unexplored area
1unknown creature causing you concern
unexplored area
unexplored area
unexplored area
unexplored area
unexplored area
unexplored area
unexplored area
unexplored area
unexplored area
unexplored area
unexplored area
unexplored area
unexplored area
unexplored area
unexplored area
unexplored area
unexplored area
unexplored area
unexplored area
unexplored area
unexplored area
unexplored area
unexplored area
unexplored area
unexplored area
unexplored area
unexplored area
unexplored area
unexplored area
unexplored area
unexplored area
unexplored area
unexplored area
unexplored area
unexplored area
unexplored area
unexplored area
unexplored area
unexplored area
unexplored area
unexplored area
unexplored area
unexplored area
unexplored area
unexplored area
unexplored area
unexplored area
unexplored area
unexplored area
unexplored area
unexplored area
unexplored area
unexplored area
unexplored area
unexplored area
unexplored area
unexplored area
unexplored area
unexplored area
unexplored area
unexplored area
unexplored area
unexplored area
unexplored area
unexplored area
unexplored area
unexplored area
unexplored area
unexplored area
5unknown creature causing you dread
unexplored area
wall
wall
wall
wall
wall
wall
wall
wall
wall
unexplored area
unexplored area
unexplored area
unexplored area
unexplored area
unexplored area
unexplored area
unexplored area
unexplored area
unexplored area
unexplored area
unexplored area
unexplored area
unexplored area
unexplored area
unexplored area
unexplored area
unexplored area
unexplored area
unexplored area
unexplored area
unexplored area
unexplored area
unexplored area
unexplored area
unexplored area
unexplored area
unexplored area
unexplored area
unexplored area
unexplored area
unexplored area
unexplored area
unexplored area
unexplored area
unexplored area
unexplored area
unexplored area
unexplored area
unexplored area
unexplored area
unexplored area
unexplored area
unexplored area
unexplored area
unexplored area
unexplored area
unexplored area
unexplored area
unexplored area
unexplored area
unexplored area
unexplored area
unexplored area
unexplored area
unexplored area
unexplored area
unexplored area
unexplored area
unexplored area
unexplored area
unexplored area
unexplored area
unexplored area
unexplored area
unexplored area
unexplored area
unexplored area
unexplored area
unexplored area
wall
.floor of a room
.floor of a room
.floor of a room
.floor of a room
AAngel of Moloch
.floor of a room
.floor of a room
wall
unexplored area
unexplored area
unexplored area
unexplored area
unexplored area
unexplored area
unexplored area
unexplored area
unexplored area
unexplored area
unexplored area
unexplored area
unexplored area
unexplored area
unexplored area
unexplored area
unexplored area
unexplored area
unexplored area
unexplored area
unexplored area
unexplored area
unexplored area
unexplored area
unexplored area
unexplored area
unexplored area
unexplored area
unexplored area
unexplored area
unexplored area
unexplored area
unexplored area
unexplored area
unexplored area
unexplored area
unexplored area
unexplored area
unexplored area
unexplored area
unexplored area
unexplored area
unexplored area
unexplored area
unexplored area
unexplored area
unexplored area
unexplored area
unexplored area
unexplored area
unexplored area
unexplored area
unexplored area
unexplored area
unexplored area
unexplored area
unexplored area
unexplored area
unexplored area
unexplored area
unexplored area
unexplored area
unexplored area
unexplored area
unexplored area
unexplored area
unexplored area
unexplored area
unexplored area
4unknown creature causing you alarm
wall
.floor of a room
.floor of a room
@peaceful invisible high priestess of Anu
.floor of a room
.floor of a room
.floor of a room
.floor of a room
wall
unexplored area
unexplored area
unexplored area
unexplored area
unexplored area
unexplored area
unexplored area
unexplored area
unexplored area
unexplored area
unexplored area
unexplored area
unexplored area
unexplored area
unexplored area
unexplored area
unexplored area
unexplored area
unexplored area
unexplored area
unexplored area
unexplored area
unexplored area
unexplored area
unexplored area
unexplored area
unexplored area
unexplored area
unexplored area
unexplored area
unexplored area
unexplored area
unexplored area
unexplored area
unexplored area
unexplored area
unexplored area
unexplored area
unexplored area
unexplored area
unexplored area
unexplored area
unexplored area
unexplored area
unexplored area
unexplored area
unexplored area
unexplored area
unexplored area
unexplored area
unexplored area
unexplored area
unexplored area
unexplored area
unexplored area
unexplored area
unexplored area
unexplored area
unexplored area
unexplored area
unexplored area
unexplored area
unexplored area
unexplored area
unexplored area
unexplored area
unexplored area
unexplored area
unexplored area
unexplored area
wall
.floor of a room
.floor of a room
.floor of a room
@invisible human cavewoman called rustyspoon
.floor of a room
.floor of a room
.floor of a room
wall
unexplored area
unexplored area
unexplored area
unexplored area
unexplored area
unexplored area
unexplored area
unexplored area
unexplored area
unexplored area
unexplored area
unexplored area
unexplored area
unexplored area
unexplored area
unexplored area
unexplored area
unexplored area
unexplored area
unexplored area
unexplored area
unexplored area
unexplored area
unexplored area
unexplored area
unexplored area
unexplored area
unexplored area
unexplored area
unexplored area
unexplored area
unexplored area
unexplored area
unexplored area
unexplored area
unexplored area
unexplored area
unexplored area
unexplored area
unexplored area
unexplored area
unexplored area
unexplored area
unexplored area
unexplored area
unexplored area
unexplored area
unexplored area
unexplored area
unexplored area
unexplored area
unexplored area
unexplored area
unexplored area
unexplored area
unexplored area
unexplored area
unexplored area
unexplored area
unexplored area
unexplored area
unexplored area
unexplored area
unexplored area
unexplored area
unexplored area
unexplored area
unexplored area
unexplored area
4unknown creature causing you alarm
wall
.floor of a room
.floor of a room
.floor of a room
.floor of a room
.floor of a room
.floor of a room
.floor of a room
wall
unexplored area
unexplored area
unexplored area
unexplored area
unexplored area
unexplored area
unexplored area
unexplored area
unexplored area
unexplored area
unexplored area
unexplored area
unexplored area
unexplored area
unexplored area
unexplored area
unexplored area
unexplored area
unexplored area
unexplored area
unexplored area
unexplored area
unexplored area
unexplored area
unexplored area
unexplored area
unexplored area
unexplored area
unexplored area
unexplored area
unexplored area
unexplored area
unexplored area
unexplored area
unexplored area
unexplored area
unexplored area
unexplored area
unexplored area
unexplored area
unexplored area
unexplored area
unexplored area
unexplored area
unexplored area
unexplored area
unexplored area
unexplored area
unexplored area
unexplored area
unexplored area
unexplored area
unexplored area
unexplored area
unexplored area
unexplored area
unexplored area
unexplored area
unexplored area
unexplored area
unexplored area
unexplored area
unexplored area
unexplored area
unexplored area
unexplored area
unexplored area
wall
unexplored area
unexplored area
wall
.floor of a room
.floor of a room
.floor of a room
.floor of a room
.floor of a room
.floor of a room
.floor of a room
wall
unexplored area
unexplored area
wall
unexplored area
unexplored area
unexplored area
unexplored area
unexplored area
unexplored area
unexplored area
unexplored area
unexplored area
unexplored area
unexplored area
unexplored area
unexplored area
unexplored area
unexplored area
unexplored area
unexplored area
unexplored area
unexplored area
unexplored area
unexplored area
unexplored area
unexplored area
unexplored area
unexplored area
unexplored area
unexplored area
unexplored area
unexplored area
unexplored area
unexplored area
unexplored area
unexplored area
unexplored area
unexplored area
unexplored area
unexplored area
unexplored area
unexplored area
unexplored area
unexplored area
unexplored area
unexplored area
unexplored area
unexplored area
unexplored area
unexplored area
unexplored area
unexplored area
unexplored area
unexplored area
unexplored area
unexplored area
unexplored area
unexplored area
unexplored area
unexplored area
unexplored area
unexplored area
unexplored area
unexplored area
unexplored area
unexplored area
unexplored area
wall
.dark part of a room
unexplored area
wall
wall
wall
wall
@peaceful priest of Anu
wall
wall
wall
wall
unexplored area
.dark part of a room
wall
unexplored area
unexplored area
unexplored area
unexplored area
unexplored area
unexplored area
unexplored area
unexplored area
unexplored area
unexplored area
unexplored area
unexplored area
unexplored area
unexplored area
unexplored area
unexplored area
unexplored area
unexplored area
unexplored area
unexplored area
unexplored area
unexplored area
unexplored area
unexplored area
unexplored area
unexplored area
unexplored area
unexplored area
unexplored area
unexplored area
unexplored area
unexplored area
unexplored area
unexplored area
unexplored area
unexplored area
unexplored area
unexplored area
unexplored area
unexplored area
unexplored area
unexplored area
unexplored area
unexplored area
unexplored area
unexplored area
unexplored area
unexplored area
unexplored area
unexplored area
unexplored area
unexplored area
unexplored area
unexplored area
unexplored area
unexplored area
unexplored area
unexplored area
unexplored area
unexplored area
unexplored area
unexplored area
unexplored area
unexplored area
wall
.dark part of a room
.dark part of a room
.dark part of a room
.dark part of a room
4unknown creature causing you alarm
4unknown creature causing you alarm
@priestess of Moloch
5unknown creature causing you dread
.dark part of a room
4unknown creature causing you alarm
5unknown creature causing you dread
.dark part of a room
.dark part of a room
wall
unexplored area
unexplored area
unexplored area
unexplored area
unexplored area
unexplored area
unexplored area
unexplored area
unexplored area
unexplored area
unexplored area
unexplored area
unexplored area
unexplored area
unexplored area
unexplored area
unexplored area
unexplored area
unexplored area
unexplored area
unexplored area
unexplored area
unexplored area
unexplored area
unexplored area
unexplored area
unexplored area
unexplored area
unexplored area
unexplored area
unexplored area
unexplored area
unexplored area
unexplored area
unexplored area
unexplored area
unexplored area
unexplored area
unexplored area
unexplored area
unexplored area
unexplored area
unexplored area
unexplored area
unexplored area
unexplored area
unexplored area
unexplored area
unexplored area
unexplored area
unexplored area
unexplored area
unexplored area
unexplored area
unexplored area
unexplored area
unexplored area
unexplored area
unexplored area
unexplored area
unexplored area
unexplored area
unexplored area
unexplored area
wall
wall
wall
.dark part of a room
5unknown creature causing you dread
.dark part of a room
.dark part of a room
%a giant beetle corpse
5unknown creature causing you dread
.dark part of a room
.dark part of a room
.dark part of a room
wall
wall
wall
unexplored area
unexplored area
unexplored area
unexplored area
unexplored area
unexplored area
unexplored area
unexplored area
unexplored area
unexplored area
unexplored area
unexplored area
unexplored area
unexplored area
unexplored area
unexplored area
unexplored area
unexplored area
unexplored area
unexplored area
unexplored area
unexplored area
unexplored area
unexplored area
unexplored area
unexplored area
unexplored area
unexplored area
unexplored area
unexplored area
unexplored area
unexplored area
unexplored area
unexplored area
unexplored area
unexplored area
unexplored area
unexplored area
unexplored area
unexplored area
unexplored area
unexplored area
unexplored area
unexplored area
unexplored area
unexplored area
unexplored area
unexplored area
unexplored area
unexplored area
unexplored area
unexplored area
unexplored area
unexplored area
unexplored area
unexplored area
unexplored area
unexplored area
unexplored area
unexplored area
unexplored area
unexplored area
unexplored area
unexplored area
unexplored area
unexplored area
wall
wall
wall
wall
wall
akiller bee
wall
wall
wall
wall
wall
unexplored area
unexplored area
unexplored area
unexplored area
unexplored area
unexplored area
unexplored area
unexplored area
unexplored area
unexplored area
unexplored area
unexplored area
unexplored area
unexplored area
unexplored area
unexplored area
unexplored area
unexplored area
unexplored area
unexplored area
unexplored area
unexplored area
unexplored area
unexplored area
unexplored area
unexplored area
unexplored area
unexplored area
unexplored area
unexplored area
unexplored area
unexplored area
unexplored area
unexplored area
unexplored area
unexplored area
unexplored area
unexplored area
unexplored area
unexplored area
unexplored area
unexplored area
unexplored area
unexplored area
unexplored area
unexplored area
unexplored area
unexplored area
unexplored area
unexplored area
unexplored area
unexplored area
unexplored area
unexplored area
unexplored area
unexplored area
unexplored area
unexplored area
unexplored area
unexplored area
unexplored area
unexplored area
unexplored area
unexplored area
unexplored area
unexplored area
unexplored area
unexplored area
unexplored area
unexplored area
1unknown creature causing you concern
.dark part of a room
1unknown creature causing you concern
.dark part of a room
1unknown creature causing you concern
.dark part of a room
1unknown creature causing you concern
unexplored area
unexplored area
unexplored area
unexplored area
unexplored area
unexplored area
unexplored area
unexplored area
unexplored area
unexplored area
unexplored area
unexplored area
unexplored area
unexplored area
unexplored area
unexplored area
unexplored area
unexplored area
unexplored area
unexplored area
unexplored area
unexplored area
unexplored area
unexplored area
unexplored area
unexplored area
unexplored area
unexplored area
unexplored area
unexplored area
unexplored area
unexplored area
unexplored area
unexplored area
unexplored area
unexplored area
unexplored area
unexplored area
unexplored area
unexplored area
unexplored area
unexplored area
unexplored area
unexplored area
unexplored area
unexplored area
unexplored area
unexplored area
unexplored area
unexplored area
unexplored area
unexplored area
unexplored area
unexplored area
unexplored area
unexplored area
unexplored area
unexplored area
unexplored area
unexplored area
unexplored area
unexplored area
unexplored area
unexplored area
unexplored area
unexplored area
unexplored area
unexplored area
unexplored area
unexplored area
unexplored area
unexplored area
.dark part of a room
.dark part of a room
.dark part of a room
.dark part of a room
%a giant beetle corpse
.dark part of a room
.dark part of a room
.dark part of a room
unexplored area
unexplored area
unexplored area
unexplored area
unexplored area
unexplored area
unexplored area
unexplored area
unexplored area
unexplored area
unexplored area
unexplored area
unexplored area
unexplored area
unexplored area
unexplored area
unexplored area
unexplored area
unexplored area
unexplored area
unexplored area
unexplored area
unexplored area
unexplored area
unexplored area
unexplored area
unexplored area
unexplored area
unexplored area
unexplored area
unexplored area
unexplored area
unexplored area
unexplored area
unexplored area
unexplored area
unexplored area
unexplored area
unexplored area
unexplored area
unexplored area
unexplored area
unexplored area
unexplored area
unexplored area
unexplored area
unexplored area
unexplored area
unexplored area
unexplored area
unexplored area
unexplored area
unexplored area
unexplored area
unexplored area
unexplored area
unexplored area
unexplored area
unexplored area
unexplored area
unexplored area
unexplored area
unexplored area
unexplored area
unexplored area
unexplored area
unexplored area
unexplored area
unexplored area
unexplored area
unexplored area
.dark part of a room
.dark part of a room
1unknown creature causing you concern
.dark part of a room
.dark part of a room
%a giant beetle corpse
.dark part of a room
5unknown creature causing you dread
unexplored area
unexplored area
unexplored area
unexplored area
unexplored area
unexplored area
unexplored area
unexplored area
unexplored area
unexplored area
unexplored area
unexplored area
unexplored area
unexplored area
unexplored area
unexplored area
unexplored area
unexplored area
unexplored area
unexplored area
unexplored area
unexplored area
unexplored area
unexplored area
unexplored area
unexplored area
unexplored area
unexplored area
unexplored area
unexplored area
unexplored area
unexplored area
unexplored area
unexplored area
unexplored area
unexplored area
unexplored area
unexplored area
unexplored area
unexplored area
unexplored area
unexplored area
unexplored area
unexplored area
unexplored area
unexplored area
unexplored area
unexplored area
unexplored area
unexplored area
unexplored area
unexplored area
unexplored area
unexplored area
unexplored area
unexplored area
unexplored area
unexplored area
unexplored area
unexplored area
unexplored area
unexplored area
unexplored area
unexplored area
unexplored area
unexplored area
%a gremlin corpse
.dark part of a room
wall
wall
unexplored area
.dark part of a room
.dark part of a room
.dark part of a room
.dark part of a room
.dark part of a room
.dark part of a room
.dark part of a room
.dark part of a room
unexplored area
unexplored area
unexplored area
unexplored area
unexplored area
unexplored area
unexplored area
unexplored area
unexplored area
unexplored area
unexplored area
unexplored area
unexplored area
unexplored area
unexplored area
unexplored area
unexplored area
unexplored area
unexplored area
unexplored area
unexplored area
unexplored area
unexplored area
unexplored area
unexplored area
unexplored area
unexplored area
unexplored area
unexplored area
unexplored area
unexplored area
unexplored area
unexplored area
unexplored area
unexplored area
unexplored area
unexplored area
unexplored area
unexplored area
unexplored area
unexplored area
unexplored area
unexplored area
unexplored area
unexplored area
unexplored area
unexplored area
unexplored area
unexplored area
unexplored area
unexplored area
unexplored area
unexplored area
unexplored area
unexplored area
unexplored area
unexplored area
unexplored area
unexplored area
unexplored area
unexplored area
unexplored area
unexplored area
unexplored area
unexplored area
unexplored area
.dark part of a room
.dark part of a room
.dark part of a room
wall
wall
.dark part of a room
.dark part of a room
.dark part of a room
.dark part of a room
.dark part of a room
.dark part of a room
.dark part of a room
wall
unexplored area
unexplored area
unexplored area
unexplored area
unexplored area
unexplored area
unexplored area
unexplored area
unexplored area
unexplored area
unexplored area
unexplored area
unexplored area
unexplored area
unexplored area
unexplored area
unexplored area
unexplored area
unexplored area
unexplored area
unexplored area
unexplored area
unexplored area
unexplored area
unexplored area
unexplored area
unexplored area
unexplored area
unexplored area
unexplored area
unexplored area
unexplored area
unexplored area
unexplored area
unexplored area
unexplored area
unexplored area
unexplored area
unexplored area
unexplored area
unexplored area
unexplored area
unexplored area
unexplored area
unexplored area
unexplored area
unexplored area
unexplored area
unexplored area
unexplored area
unexplored area
unexplored area
unexplored area
unexplored area
unexplored area
unexplored area
unexplored area
unexplored area
unexplored area
unexplored area
unexplored area
unexplored area
unexplored area
unexplored area
unexplored area
unexplored area
wall
.dark part of a room
.dark part of a room
.dark part of a room
wall
wall
wall
wall
%a priestess corpse
wall
wall
wall
unexplored area
unexplored area
unexplored area
unexplored area
unexplored area
unexplored area
unexplored area
unexplored area
unexplored area
unexplored area
unexplored area
unexplored area
unexplored area
unexplored area
unexplored area
unexplored area
unexplored area
unexplored area
unexplored area
unexplored area
unexplored area
unexplored area
unexplored area
unexplored area
unexplored area
unexplored area
unexplored area
unexplored area
unexplored area
unexplored area
unexplored area
unexplored area
unexplored area
unexplored area
unexplored area
unexplored area
unexplored area
unexplored area
unexplored area
unexplored area
unexplored area
unexplored area
unexplored area
unexplored area
unexplored area
unexplored area
unexplored area
unexplored area
unexplored area
unexplored area
unexplored area
unexplored area
unexplored area
unexplored area
unexplored area
unexplored area
unexplored area
unexplored area
unexplored area
unexplored area
unexplored area
unexplored area
unexplored area
unexplored area
unexplored area
unexplored area
unexplored area
unexplored area
unexplored area
.dark part of a room
.dark part of a room
.dark part of a room
.dark part of a room
.dark part of a room
.dark part of a room
.dark part of a room
.dark part of a room
.dark part of a room
.dark part of a room
unexplored area
unexplored area
unexplored area
unexplored area
unexplored area
unexplored area
unexplored area
unexplored area
unexplored area
unexplored area
unexplored area
unexplored area
unexplored area
unexplored area
unexplored area
unexplored area
unexplored area
unexplored area
unexplored area
unexplored area
unexplored area
unexplored area
unexplored area
unexplored area
unexplored area
unexplored area
unexplored area
unexplored area
unexplored area
unexplored area
unexplored area
unexplored area
unexplored area
unexplored area
unexplored area
unexplored area
unexplored area
unexplored area
unexplored area
unexplored area
unexplored area
unexplored area
unexplored area
unexplored area
unexplored area
unexplored area
unexplored area
unexplored area
unexplored area
unexplored area
unexplored area
unexplored area
unexplored area
unexplored area
unexplored area
unexplored area
unexplored area
unexplored area
unexplored area
unexplored area
unexplored area
unexplored area
unexplored area
unexplored area
unexplored area
unexplored area
unexplored area
unexplored area
unexplored area
unexplored area
wall
wall
wall
wall
wall
wall
wall
wall
wall
unexplored area
unexplored area
unexplored area
unexplored area
unexplored area
unexplored area
unexplored area
unexplored area
unexplored area
unexplored area
unexplored area
unexplored area
unexplored area
unexplored area
unexplored area
unexplored area
unexplored area
unexplored area
unexplored area
unexplored area
unexplored area
unexplored area
unexplored area
unexplored area
unexplored area
unexplored area
unexplored area
unexplored area
unexplored area
unexplored area
unexplored area
unexplored area
unexplored area
unexplored area
unexplored area
unexplored area
[Rustyspoon the Wayfarer ] St:25 Dx:16 Co:18 In:15 Wi:15 Ch:12 Lawful Astral Plane $:0 HP:297(297) Pw:66(66) AC:-33 Xp:15 T:37613 Fly

Latest messages:

You kill the giant beetle!
You see here a giant beetle corpse.
"Mercy! Dost thou wish me to die of laughter?"
The Angel of Anu wields a long sword!
The Angel of Anshar zaps you with a magic missile!
The magic missile whizzes by you!
The magic missile hits the priest of Anu!
The magic missile hits the Angel of Anu.
The priestess of Ishtar swings her mace.
The priestess of Ishtar misses!
The priestess of Ishtar misses!
The air crackles around the priestess of Ishtar.
What do you want to zap? [nopzR or ?*]
In what direction?
The door is razed!
The Angel of Anshar zaps you with a magic missile!
The magic missile hits the priestess of Ishtar!
The magic missile hits you!
But it reflects from your shield!
The magic missile hits the priestess of Ishtar.
The renegade priest of Anu zaps a wand of striking!
Boing!
Boing!
The Angel of Moloch zaps you with a magic missile!
The magic missile whizzes by you!
The magic missile hits the priestess of Ishtar!
The magic missile hits the priestess of Moloch.
The invisible high priestess intones:
"Pilgrim, you enter a sacred place!"
You hear a chugging sound.
The priestess of Anshar zaps a wand of striking!
Boing!
The Angel of Moloch swings her long sword at the invisible high priestess.
The Angel of Moloch hits the invisible high priestess.
The Angel of Moloch swings her long sword at the invisible high priestess.
The Angel of Moloch hits the invisible high priestess.
The Angel of Moloch hits the invisible high priestess.
You hear a chugging sound.
"Hast thou considered masking thine odour?"
"This time I shall let thee off with a spanking, but let it not happen again."
Pick an object.
You hear a chugging sound.
There is a high altar to Anu (lawful) here.
What do you want to sacrifice? [O or ?*]
You offer the Amulet of Yendor to Anu...
An invisible choir sings, and you are bathed in radiance...
The voice of Anu booms out: "Mortal, thou hast done well!"
"In return for thy service, I grant thee the gift of Immortality!"
You ascend to the status of Demigoddess...
Do you want your possessions identified? [ynq] (y)

Inventory:

Amulets

Z - an uncursed amulet of flying (being worn)

Weapons

a - the blessed rustproof +6 Sceptre of Might (weapon in hand)
w - a blessed +6 aklys named pimped out (alternate weapon; not wielded)

Armor

A - an uncursed +0 Hawaiian shirt with a parrot motif named "parrots on a blue background (being worn)
B - a blessed greased +5 gray dragon scale mail (being worn)
C - an uncursed greased fireproof +2 oilskin cloak (being worn)
D - an uncursed very burnt rotted +4 pair of speed boots (being worn)
E - a blessed greased rustproof +4 pair of gauntlets of power (being worn)
F - a blessed +1 helmet (being worn)
G - a blessed +4 shield of reflection (being worn)

Comestibles

L - an uncursed lizard corpse named KFC

Scrolls

g - an uncursed scroll of teleportation

Spellbooks

H - the uncursed Book of the Dead

Potions

f - an uncursed potion of sickness

Rings

c - a blessed ring of free action (on right hand)
Y - an uncursed ring of shock resistance (on left hand)

Wands

n - an uncursed wand of death (1:7)
o - an uncursed wand of teleportation (0:3)
p - an uncursed wand of teleportation (0:6)
z - an uncursed wand of digging (0:0)
R - an uncursed wand of teleportation (0:7)

Tools

b - a blessed greased bag of holding containing 115 items
e - an uncursed stethoscope
k - an uncursed lock pick
t - an uncursed blindfold
u - a blessed +0 unicorn horn named white
v - a blessed oil lamp (lit)
P - the uncursed Candelabrum of Invocation (0 of 7 candles attached)
S - the uncursed Bell of Opening (0:1)
W - an uncursed magic marker (1:3)

Gems/Stones

x - a blessed luckstone

Contents of the bag of holding:

an uncursed amulet of life saving
an uncursed amulet of life saving
the uncursed +6 Grayswandir
an uncursed -1 helm of opposite alignment
an uncursed +0 pair of jumping boots
an uncursed +0 pair of water walking boots
an uncursed -1 pair of levitation boots
an uncursed +1 mummy wrapping
7 uncursed food rations
3 uncursed K-rations
2 uncursed tripe rations
an uncursed lizard corpse
20 blessed scrolls of blank paper
an uncursed scroll of create monster
an uncursed scroll of create monster
2 uncursed scrolls of earth
2 blessed scrolls of enchant weapon
an uncursed scroll of enchant weapon
a blessed scroll of fire
2 uncursed scrolls of fire
a blessed scroll of identify
a blessed scroll of remove curse
3 uncursed scrolls of remove curse
19 potions of holy water
an uncursed potion of water
4 potions of unholy water
4 blessed diluted potions of full healing
a blessed potion of healing
3 uncursed potions of healing
2 blessed potions of levitation
2 uncursed potions of levitation
a blessed potion of paralysis
an uncursed potion of paralysis
2 blessed potions of restore ability
an uncursed ring of aggravate monster
an uncursed ring of aggravate monster
an uncursed ring of aggravate monster
an uncursed ring of cold resistance
an uncursed ring of conflict
an uncursed ring of conflict
a blessed +1 ring of gain strength
an uncursed +4 ring of gain strength
an uncursed -2 ring of gain strength
an uncursed ring of polymorph control
an uncursed ring of regeneration
an uncursed ring of regeneration
an uncursed ring of see invisible
an uncursed ring of see invisible
an uncursed ring of see invisible
an uncursed ring of slow digestion
an uncursed ring of slow digestion
an uncursed ring of slow digestion
an uncursed ring of slow digestion
an uncursed ring of stealth
a blessed ring of teleport control
an uncursed ring of teleport control
an uncursed ring of teleportation
an uncursed ring of warning
an uncursed ring of warning
an uncursed wand of slow monster (0:5)
an uncursed wand of slow monster (0:6)
an uncursed wand of cold (0:5)
an uncursed wand of digging (0:3)
an uncursed wand of digging (0:1)
an uncursed wand of digging (0:6)
an uncursed wand of digging (0:8)
an uncursed wand of digging (0:4)
an uncursed wand of digging (0:5)
an uncursed wand of digging (0:4)
an uncursed wand of digging (0:7)
an uncursed wand of digging (0:8)
an uncursed wand of fire (0:7)
an uncursed wand of fire (0:6)
an uncursed wand of fire (0:3)
an uncursed wand of light (0:13)
an uncursed wand of lightning (0:4)
an uncursed wand of lightning (0:0)
an uncursed wand of lightning (0:7)
an uncursed wand of lightning (0:0)
an uncursed wand of lightning (0:2)
an uncursed wand of make invisible (0:7)
an uncursed wand of make invisible (0:7)
an uncursed wand of probing (0:2)
an uncursed wand of secret door detection (0:14)
an uncursed wand of secret door detection (0:11)
an uncursed wand of secret door detection (0:14)
an uncursed wand of secret door detection (0:9)
an uncursed wand of sleep (0:4)
an uncursed wand of sleep (0:6)
an uncursed wand of striking (0:5)
an uncursed wand of striking (0:7)
an uncursed wand of striking (0:5)
an uncursed wand of striking (0:5)
an uncursed wand of striking (0:3)
an uncursed wand of striking (0:1)
an uncursed wand of striking (0:4)
an uncursed wand of striking (0:0)
an empty uncursed sack named cancellation
an uncursed bugle
5 uncursed tallow candles
an uncursed magic whistle
an uncursed magic marker (0:76)
an uncursed oil lamp
an uncursed +0 pick-axe
an uncursed +0 unicorn horn
an uncursed +0 unicorn horn
an uncursed +0 unicorn horn
4 uncursed amethyst stones
an uncursed aquamarine stone
5 uncursed emeralds
an uncursed jacinth stone
2 uncursed worthless pieces of violet glass
an uncursed fluorite stone
4 uncursed citrine stones
5 uncursed worthless pieces of yellow glass

Rustyspoon the Cavewoman's attributes:


Background:

You were a Wayfarer, a level 15 human Cavewoman.
You were lawful, on a mission for Anu
who was opposed by Ishtar (neutral) and Anshar (chaotic).
You were in the endgame, on the Astral Plane.
You entered the dungeon 37613 turns ago.
You had 195847 experience points, 124153 more were needed to attain level 16.

Basics:

You had all 297 hit points.
You had all 66 energy points (spell power).
Your armor class was -33.
Your wallet was empty.
Autopickup was on for '?!' plus thrown, with exceptions.

Final Characteristics:

Your strength was 25 (base:18/33, innate limit:18/100).
Your dexterity was 16 (peak:18, limit:18).
Your constitution was 18 (limit:18).
Your intelligence was 15 (limit:18).
Your wisdom was 15 (limit:18).
Your charisma was 12 (limit:18).

Final Status:

You were flying.
You were not hungry.
You were unencumbered.
You were wielding a mace.
You had expert skill with mace.

Final Attributes:

You were piously aligned.
You were magic-protected.
You were fire resistant.
You were cold resistant.
You were sleep resistant.
You were disintegration-resistant.
You were shock resistant.
Your items were protected from electric shocks.
You were poison resistant.
You saw invisible.
You were telepathic.
You were warned.
You were invisible to others.
You were stealthy.
You caused conflict.
You could teleport.
You had a moderate defense bonus (+9).
You were guarded.
You were very fast.
You had reflection.
You had free action.
You were extremely lucky.
You had extra luck.
Good luck did not time out for you.
You survived.

Miscellaneous:
You never encountered a bones level.
Total elapsed playing time was 5 hours, 6 minutes and 54 seconds.

Major events:

Turn

1: rustyspoon the lawful human Cavewoman entered the dungeon
1226: entered the Gnomish Mines
1502: attained the rank of Aborigine (level 3)
3927: attained the rank of Wanderer (level 6)
5867: reached Mine Town
8558: entered Sokoban
9386: completed 1st Sokoban level
9828: completed 2nd Sokoban level
10243: completed 3rd Sokoban level
11156: completed 4th Sokoban level
11877: acquired the Sokoban amulet of reflection
11891: attained the rank of Vagrant (level 10)
14108: was bestowed with Grayswandir by Anu
16754: acquired the Mines' End luckstone
19608: made her first wish - "blessed greased +2 gray dragon scale mail", got "a greased gray dragon scale mail"
23764: killed Medusa
25126: wished for "2 blessed scrolls of charging", got "a scroll labeled TEMOV"
25128: wished for "blessed greased bag of holding", got "a greased bag"
26612: wished for "uncursed magic marker", got "a magic marker"
28503: attained the rank of Wayfarer (level 14)
29392: found the Sceptre of Might on the floor
29425: killed the invisible Chromatic Dragon
29427: acquired the Bell of Opening
30422: wished for "blessed greased fixed +2 gauntlets of power", got "a greased pair of fencing gloves"
30456: wished for "blessed fixed ring of free action", got "a coral ring"
30462: entered Gehennom
31203: bribed Asmodeus with 35 zorkmids for safe passage
31710: killed Juiblex
32238: bribed Baalzebub with 30 zorkmids for safe passage
32533: killed the invisible Orcus
33460: destroyed the invisible Vlad the Impaler
33462: acquired the Candelabrum of Invocation
35809: wished for "blessed fixed greased +2 oilskin cloak", got "a greased slippery cloak"
35861: killed the Wizard of Yendor
35867: acquired the Book of the Dead
35875: performed the invocation
35985: killed the high priest of Moloch
35990: acquired The Amulet of Yendor
36633: killed the Wizard of Yendor (2nd time)
36687: killed the Wizard of Yendor (3rd time)
37242: entered the Elemental Planes
37242: entered Plane of Earth
37243: killed the Wizard of Yendor (5th time)
37319: entered Plane of Air
37387: entered Plane of Fire
37420: entered Plane of Water
37584: entered the Astral Plane
37599: killed Pestilence
37613: ascended

Vanquished creatures:

Orcus
Juiblex
the Wizard of Yendor (5 times)
Pestilence
Vlad the Impaler
a high cleric
Medusa
4 krakens
3 iron golems
6 master liches
a storm giant
a glass golem
a balrog
the Chromatic Dragon
3 purple worms
2 gold dragons
2 red dragons
4 orange dragons
2 black dragons
2 green dragons
a yellow dragon
12 minotaurs
an Angel
6 demiliches
2 master mind flayers
2 Olog-hai
2 Nazgul
a pit fiend
4 sandestins
2 hell hounds
a displacer beast
a titanothere
a trapper
5 baby yellow dragons
a guardian naga
a genetic engineer
3 disenchanters
24 vampire leaders
a skeleton
6 aligned clerics
2 captains
5 shades
5 liches
a clay golem
2 nurses
2 ice devils
a nalfeshnee
a lurker above
4 Aleaxes
a frost giant
an ettin
4 black puddings
26 vampires
5 lieutenants
24 ghosts
a queen bee
2 winged gargoyles
a mind flayer
4 giant mimics
2 long worms
5 zruties
a fire giant
2 ogre tyrants
5 ice trolls
a rock troll
9 umber hulks
4 flesh golems
3 elven monarchs
6 hezrous
2 bone devils
7 large mimics
a wumpus
3 fire vortices
a couatl
10 stalkers
4 air elementals
2 fire elementals
4 earth elementals
3 water elementals
21 hill giants
8 giant mummies
3 xorns
13 giant zombies
5 elf-nobles
3 sergeants
6 barbed devils
8 vrocks
11 wargs
a winter wolf
5 hell hound pups
16 small mimics
a glass piercer
5 warhorses
3 steam vortices
9 xans
5 ettin mummies
2 ogre leaders
5 quantum mechanics
4 trolls
5 wood golems
3 erinyes
4 mariliths
4 sharks
2 electric eels
2 gelatinous cubes
2 pyrolisks
7 large dogs
a freezing sphere
5 flaming spheres
6 shocking spheres
a tiger
a gargoyle
a dwarf ruler
4 ochre jellies
7 leocrottas
4 energy vortices
4 mountain centaurs
a stone giant
6 elf mummies
4 human mummies
4 red nagas
2 green slimes
4 pythons
a pit viper
5 cobras
41 wraiths
5 carnivorous apes
17 ettin zombies
3 leather golems
6 Grey-elves
52 soldiers
3 watchmen
3 amorous demons
6 horned devils
8 chameleons
3 crocodiles
11 giant beetles
2 quivering blobs
12 cockatrices
9 wolves
7 winter wolf cubs
a lynx
a panther
116 gremlins
39 leprechauns
an orc-captain
an iron piercer
3 mumakil
4 giant spiders
5 scorpions
a horse
an ice vortex
5 black lights
6 vampire bats
4 forest centaurs
4 gnome rulers
2 orc mummies
3 dwarf mummies
5 ogres
4 brown puddings
6 rust monsters
5 owlbears
5 yetis
3 werewolves
15 Green-elves
3 piranha
12 giant eels
10 lizards
a chickatrice
3 dingoes
4 dogs
4 housecats
4 jaguars
4 dwarf leaders
5 blue jellies
4 gray unicorns
a black unicorn
2 dust vortices
6 ravens
a plains centaur
3 gnome mummies
13 snakes
4 apes
18 human zombies
a rope golem
5 Woodland-elves
14 soldier ants
21 fire ants
66 bugbears
3 lemures
8 quasits
4 wood nymphs
6 water nymphs
4 mountain nymphs
22 Mordor orcs
12 Uruk-hai
3 orc shamans
4 rock piercers
3 rock moles
3 ponies
10 fog clouds
8 yellow lights
5 shriekers
5 violet fungi
21 gnome leaders
4 gnomish wizards
6 kobold mummies
2 black naga hatchlings
2 gray oozes
3 barrow wights
13 elf zombies
14 ghouls
2 straw golems
2 paper golems
3 jellyfish
16 giant ants
3 little dogs
8 floating eyes
17 dwarves
4 homunculi
a kobold leader
5 kobold shamans
19 hill orcs
18 rothes
3 rabid rats
2 centipedes
5 giant bats
2 monkeys
15 orc zombies
17 dwarf zombies
2 wererats
3 werejackals
16 iguanas
57 killer bees
an acid blob
6 coyotes
3 gas spores
7 hobbits
9 manes
5 large kobolds
15 hobgoblins
5 giant rats
10 cave spiders
6 brown molds
3 yellow molds
2 green molds
3 red molds
75 gnomes
6 garter snakes
15 gnome zombies
8 geckos
6 jackals
3 kobolds
4 goblins
8 sewer rats
11 grid bugs
3 bats
9 lichens
12 kobold zombies
8 newts
1776 creatures vanquished.

Extinct species:

erinyes (extinct)
1 species extinct.

Voluntary challenges:

You read items or engraved 101 times.
You engraved Elbereth 3 times.
You never genocided any monsters.
You never changed form.
You used 7 wishes.
You did not wish for any artifacts.
You violated the special Sokoban rules once.

Achievements:

You entered the Gnomish Mines.
You attained the rank of Aborigine.
You entered a shop.
You attained the rank of Wanderer.
You entered Minetown.
You entered a temple.
You entered Sokoban.
You completed Sokoban.
You attained the rank of Vagrant.
You completed the Gnomish Mines.
You defeated Medusa.
You learned the tune to open and close the Castle's drawbridge.
You attained the rank of Wayfarer.
You had the Bell of Opening.
You entered Gehennom.
You had the Candelabrum of Invocation.
You had the Book of the Dead.
You gained access to Moloch's Sanctum.
You reached the Elemental Planes.
You reached the Astral Plane.
You delivered the Amulet of Yendor.
You ascended!

The Elemental Planes:

   Astral Plane: <- You are here.
A temple to Anu.
Plane of Water:
Plane of Fire:
Plane of Air:
Plane of Earth:

The Dungeons of Doom: levels 1 to 25

   Level 1:
One way stairs up to The Elemental Planes.
Level 2:
Level 3:
A fountain, a grave.
Stairs down to The Gnomish Mines.
Level 4:
A general store.
Level 5:
Level 6:
A general store, an altar to Anu.
Level 7:
Oracle of Delphi.
Level 8:
A sink, many trees.
Stairs up to Sokoban, level 7.
Level 9:
Some fountains.
Level 10:
An altar to Anu.
Level 11:
A fountain.
Level 12:
A temple.
Level 13:
A scroll shop.
Level 14:
A temple, a sink.
Portal to The Quest.
Level 15:
A primitive area.
Level 16:
A fountain.
Level 17:
Level 18:
Level 19:
A sink.
Level 20:
Level 21:
Level 22:
Level 23:
Some fountains, many trees.
Level 24:
Some fountains.
Level 25:
A fountain.
The castle.
Connection to Gehennom.

Gehennom: levels 26 to 46

   Level 26:
A temple, many graves.
Valley of the Dead.
Level 27:
Level 28:
Level 29:
Level 30:
Level 31:
Level 32:
Level 33:
Level 34:
Level 35:
Some shops, an altar, many graves.
Level 36:
Level 37:
Level 38:
Stairs up to Vlad's Tower, level 37.
Level 39:
Level 40:
Level 41:
Level 42:
Level 43:
Level 44:
Level 45:
Level 46:
A temple, many graves.
Moloch's Sanctum.

The Gnomish Mines: levels 4 to 12

   Level 4:
Level 5: "$ in box"
Level 6:
Level 7:
Many shops, a temple, some fountains, some trees.
Level 8:
Level 9:
Level 10:
Level 11:
Level 12:
Some fountains.

The Quest: levels 1 to 6

   Level 1:
A temple to Anu.
Completed quest for Shaman Karnov.
Level 2:
Level 3:
Level 4:
Level 5:
Level 6:

Sokoban: levels 7 up to 4

   Level 4:
Solved.
Level 5:
Solved.
Level 6:
Solved.
Level 7: "stash 0"
Solved.

Vlad's Tower: levels 37 up to 35

   Level 35:
Level 36:
Level 37:

Goodbye rustyspoon the Demigoddess...


You went to your reward with 1797826 points,
The Sceptre of Might (worth 2500 zorkmids and 6250 points)
Grayswandir (worth 8000 zorkmids and 20000 points)
The Book of the Dead (worth 10000 zorkmids and 25000 points)
The Candelabrum of Invocation (worth 5000 zorkmids and 12500 points)
The Bell of Opening (worth 5000 zorkmids and 12500 points)
and 0 pieces of gold, after 37613 moves.
You were level 15 with a maximum of 297 hit points when you ascended.